 Dungeon Crawl Stone Soup version 0.25-b1-39-g0d900dab71 (webtiles) character file.

Game seed: 12669146535010848183

53 diana the Ruffian (level 3, -9/29 HPs)
             Began as a Draconian Transmuter on June 7, 2020.
             Killed from afar by Ijyb (11 damage)
             ... with a bolt of acid
             ... on level 3 of the Dungeon.
             The game lasted 00:01:47 (1903 turns).

diana the Ruffian (Draconian Transmuter)            Turns: 1903, Time: 00:01:47

Health: -9/29      AC:  1    Str: 12    XL:     3   Next: 64%
Magic:  5/6        EV: 12    Int: 14    God:
Gold:   86         SH:  0    Dex: 11    Spells: 5/6 levels left

rFire    . . .     SeeInvis .     - Unarmed
rCold    . . .     Gourm    .   (no shield)
rNeg     . . .     Faith    .   (armour unavailable)
rPois    .         Spirit   .   (helmet restricted)
rElec    .         Reflect  .   (no cloak)
rCorr    .         Harm     .   (no gloves)
MR       .....                  (no boots)
Stlth    +.........             p - amulet of the acrobat
HPRegen  0.09/turn              b - ring of flight
MPRegen  0.10/turn              (no ring)

@: appendage, corroded
A: unfitting armour, horns 2, cold-blooded, AC +5
a: End Transformation, Evoke Flight


You were on level 3 of the Dungeon.
You were very hungry.
You had grown temporary horns.
You visited 1 branch of the dungeon, and saw 3 of its levels.

You collected 86 gold pieces.

Inventory:

Missiles
 a - 82 arrows
Jewellery
 b - a ring of flight (left hand)
 p - an amulet of the acrobat (around neck)
Scrolls
 d - a scroll of random uselessness {unknown}
 e - a scroll of identify {unknown}
 k - a scroll of remove curse
 l - a scroll of amnesia {unknown}
 n - 2 scrolls of teleportation {unknown}
Potions
 f - a potion of might {unknown}
 g - a potion of lignification {unknown}
 h - 2 potions of berserk rage {unknown}
 i - a potion of stabbing {unknown}
 j - 3 potions of curing {unknown}
 m - a potion of haste {unknown}
 o - a potion of mutation {unknown}
Comestibles
 c - 9 rations


   Skills:
 + Level 1.9 Fighting
 + Level 2.2 Dodging
 + Level 3.3 Unarmed Combat
 + Level 2.4 Spellcasting
 + Level 2.5 Transmutations


You had 5 spell levels left.
You knew the following spells:

 Your Spells              Type           Power        Failure   Level  Hunger
a - Beastly Appendage     Tmut           #.....       9%          1    #......

Your spell library contained the following spells:

 Spells                   Type           Power        Failure   Level  Hunger
 Sticks to Snakes         Tmut           #.......     12%         2    ###....
 Spider Form              Tmut/Pois      #.........   38%         3    ###....
 Ice Form                 Ice/Tmut       #.......     80%         4    #####..
 Blade Hands              Tmut           #.........   92%         5    ######.


Dungeon Overview and Level Annotations

Branches:
Dungeon (3/15)

Altars:

Annotations:
D:3 Ijyb


Innate Abilities, Weirdness & Mutations

Your plain brown scales are hard. (AC +5)
You cannot fit into any form of body armour.
You are cold-blooded and may be slowed by cold attacks.
You have a pair of horns on your head.


Message History

You aren't carrying any items that you can evoke.
Unknown command.
Casting: Beastly Appendage (safe; 9% risk of failure)
Confirm with . or Enter, or press ? or * to list all spells.
You grow a pair of large bovine horns.
Ijyb zaps a wand.
The bolt of acid misses you.
You closely miss Ijyb. Ijyb hits you but does no damage.
You hit Ijyb but do no damage. Ijyb hits you.
You barely miss Ijyb. Ijyb barely misses you.
You closely miss Ijyb.
Your tail-slap misses Ijyb.
Ijyb zaps a wand.
The bolt of acid misses you.
You hit Ijyb but do no damage. Your headbutt misses Ijyb. You tail-slap Ijyb.
Ijyb is lightly wounded.
Ijyb zaps a wand.
The bolt of acid hits you! The acid corrodes you!
You are splashed with acid!
* * * LOW HITPOINT WARNING * * *
You hit Ijyb.
Your tail-slap misses Ijyb.
Ijyb is moderately wounded.
Ijyb zaps a wand.
The bolt of acid hits you!
You die...

+.........#
#.........#
###.........#
#........##<#
#......^.##.#
#........##.#
####........##.#
#...........[..#
#@##........####
#g##........#
#.##........#
#.##........#
#(...........
############


You could see Ijyb.

Vanquished Creatures
  An ooze (D:3)
  3 dart slugs
  2 leopard geckos (D:1)
  3 bats
  2 giant cockroaches
  9 hobgoblins
  A quokka (D:2)
  A ball python (D:1)
  3 frilled lizards (D:1)
  4 goblins
  3 kobolds (D:1)
  7 rats
39 creatures vanquished.

Notes
Turn   | Place    | Note
-------+----------+-------------------------------------------
     0 | D:1      | diana the Draconian Transmuter began the quest for the Orb.
     0 | D:1      | Reached XP level 1. HP: 16/16 MP: 3/3
   249 | D:1      | Reached XP level 2. HP: 23/23 MP: 5/5
  1086 | D:1      | Reached XP level 3. HP: 16/29 MP: 6/6
  1895 | D:3      | Noticed Ijyb
  1903 | D:3      | Killed from afar by Ijyb

Illustrated notes

Levels and vault maps discovered:
D:1:      dpeg_arrival_pond, layout_basic
D:2:      layout_rooms, first_ration
D:3:      layout_basic, uniq_ijyb, uniq_natasha

Skill      XL: |  1  2 |
---------------+-------+-----
Dodging        | 2 |  2.2
Fighting       | |  1.9
Unarmed Combat | |  3.3
Spellcasting   | |  2.4
Transmutations | |  2.5

Action                   || total
-------------------------++-------
Melee: Unarmed           ||   139
       Tailslap          ||    15
       Punch             ||     1
 Cast: Beastly Appendage ||     3
  Use: Scroll            ||     1
 Stab: Sleeping          ||     1
  Eat: Chunk             ||     2
Armor: Skin              ||    33
Dodge: Dodged            ||    81
